Map: Defender's Landing LE

Players

Neeb

  • Race: Protoss Protoss
  • Spawn Location: 1:00

Serral - Winner!

  • Race: Zerg Zerg
  • Spawn Location: 7:00

Event: WCS Jonkoping 2017

VOD

Have the link to the VOD?

Description

Time

  • Played on: June 19, 2017, 2:57 p.m.
  • Length: 14:41

All games in this series

Show
View Real Time Build Order
Export as new Build Order

Neeb Protoss 

Build Orders: 1 Gate Expand, Zealot Archon, Dark Templar Rush 

Get SALT Encoding   

  12  0:00  Probe (Chrono Boost)  
  13  0:11  Probe (Chrono Boost)  
  14  0:18  Pylon  
  14  0:22  Probe (Chrono Boost)  
  15  0:36  Probe (Chrono Boost)  
  15  0:41  Gateway  
  16  0:47  Probe (Chrono Boost)  
  17  0:50  Assimilator  
  17  0:57  Probe (Chrono Boost)  
  17  1:01  Pylon  
  18  1:08  Probe (Chrono Boost)  
  19  1:23  Nexus  
  19  1:27  Probe (Chrono Boost)  
  20  1:36  Cybernetics Core  
  21  1:40  Probe (Chrono Boost)  
  21  1:50  Probe (Chrono Boost)  
  21  1:51  Assimilator  
  22  1:54  Pylon  
  22  2:01  Probe (Chrono Boost)  
  23  2:12  Probe, Warp Gate, Adept (Chrono Boost)  
  26  2:24  Probe  
  27  2:33  Probe  
  27  2:36  Mothership Core  
  30  2:38  Stalker (Chrono Boost)  
  30  2:43  Probe  
  33  2:54  Probe (Chrono Boost)  
  33  2:58  Probe (Chrono Boost)  
  35  3:04  Twilight Council  
  35  3:06  Probe (Chrono Boost)  
  35  3:09  Probe (Chrono Boost)  
  37  3:17  Probe (Chrono Boost), Robotics Facility  
  39  3:20  Probe (Chrono Boost)  
  39  3:27  Probe (Chrono Boost)  
  39  3:30  Probe (Chrono Boost)  
  39  3:31  Gateway  
  41  3:38  Probe (Chrono Boost)  
  41  3:40  Pylon  
  41  3:41  Probe (Chrono Boost)  
  43  3:43  Dark Shrine  
  43  3:48  Probe (Chrono Boost)  
  43  3:51  Probe (Chrono Boost)  
  43  3:52  Assimilator  
  45  3:55  Assimilator  
  45  3:59  Probe (Chrono Boost)  
  45  4:02  Probe (Chrono Boost)  
  47  4:04  Gateway  
  47  4:08  Probe (Chrono Boost), Warp Prism (Chrono Boost)  
  50  4:13  Probe  
  50  4:15  Gateway  
  51  4:19  Pylon, Probe  
  52  4:25  Probe  
  52  4:30  Probe  
  54  4:39  Probe, Pylon  
  54  4:44  Probe, Nexus  
  55  4:49  Observer (Chrono Boost)  
  55  4:51  Probe  
  58  4:56  Dark Templar  
  58  4:57  Probe, Dark Templar  
  63  5:02  Archon  
  63  5:04  Pylon, Probe  
  64  5:07  Probe  
  64  5:13  Immortal (Chrono Boost)  
  69  5:16  Probe  
  70  5:22  Pylon  
  70  5:25  Dark Templar  
  70  5:26  Dark Templar  
  74  5:29  Archon  
  74  5:30  Adept  
  74  5:32  Adept  
  78  5:40  Probe  
  78  5:41  Probe  
  78  5:42  Charge (Chrono Boost)  
  80  5:45  Pylon, Immortal  
  80  5:52  Probe  
  80  5:56  Sentry x2  
  89  5:59  Sentry  
  89  6:01  Probe  
  89  6:03  Probe  
  89  6:16  Probe x3  
  92  6:19  Immortal  
  92  6:21  Gateway  
  92  6:24  Gateway  
  96  6:26  Probe, Sentry, Gateway  
  96  6:28  Probe  
  96  6:30  Probe  
  96  6:32  Pylon  
  101  6:34  Pylon  
  101  6:37  Probe  
  101  6:38  Pylon  
  102  6:42  Probe, Assimilator x2  
  102  6:43  Probe  
  102  6:44  Forge  
  104  6:48  Probe  
  104  6:49  Templar Archives  
  104  6:51  Pylon  
  105  6:54  Probe  
  105  6:56  Zealot  
  105  6:57  Zealot  
  105  6:59  Immortal  
  114  7:09  Gateway  
  114  7:17  Zealot x4  
  114  7:18  Protoss Ground Weapons Level 1 (Chrono Boost)  
  122  7:37  Robotics Facility  
  122  7:38  Dark Templar x4  
  122  7:39  Immortal  
  122  7:42  Pylon, Archon x2  
  134  7:51  Pylon  
  134  7:53  Pylon  
  134  7:57  Pylon  
  134  7:59  Pylon  
  134  8:03  High Templar x2  
  134  8:04  Zealot  
  140  8:07  Archon  
  140  8:16  Nexus  
  140  8:17  Pylon  
  140  8:18  Immortal (Chrono Boost)  
  144  8:25  Immortal (Chrono Boost)  
  148  8:35  Probe x3  
  151  8:42  Zealot x6, Pylon  
  163  8:54  Immortal (Chrono Boost)  
  167  9:00  Immortal (Chrono Boost)  
  159  9:09  High Templar x3  
  163  9:10  High Templar  
  163  9:14  Archon x2  
  165  9:25  Assimilator  
  165  9:26  Twilight Council  
  165  9:28  Immortal (Chrono Boost)  
  165  9:29  Assimilator  
  169  9:34  Immortal (Chrono Boost)  
  169  9:37  Zealot x4  
  181  9:41  Zealot x3  
  187  10:02  Immortal (Chrono Boost)  
  191  10:09  Pylon  
  191  10:12  Pylon  
  191  10:13  Cybernetics Core  
  189  10:19  Immortal (Chrono Boost)  
  179  10:32  Probe  
  179  10:33  Probe x3  
  179  10:35  Zealot  
  179  10:36  Immortal (Chrono Boost)  
  179  10:38  Gateway  
  179  10:40  Gateway  
  179  10:42  Gateway  
  183  10:43  Probe  
  183  10:45  Pylon  
  184  10:50  Stalker  
  184  10:53  Immortal (Chrono Boost)  
  187  10:58  Forge  
  187  11:11  Dark Templar x4, Immortal (Chrono Boost), Stargate  
  191  11:17  Archon x2  
  199  11:23  Nexus  
  191  11:27  Immortal (Chrono Boost)  
  148  11:37  High Templar x3  
  146  11:44  High Templar, Archon  
  146  11:45  Immortal (Chrono Boost)  
  127  11:48  Archon  
  127  11:49  High Templar  
  127  11:50  Zealot x4, High Templar  
  127  11:54  Archon  
  133  11:56  Probe  
  133  11:57  Probe x2  
  133  11:58  Probe  
  141  12:02  Immortal (Chrono Boost)  
  141  12:06  Probe  
  141  12:08  Probe  
  142  12:10  Sentry  
  142  12:11  Zealot x4, High Templar x2  
  155  12:16  Probe x2  
  159  12:22  Archon  
  145  12:32  Zealot x5  
  145  12:33  Zealot x2  
  145  12:36  Immortal (Chrono Boost)  
  109  12:49  Probe x2  
  109  12:50  Probe  
  98  12:51  Pylon  
  98  12:53  High Templar x2  
  98  12:54  Probe  
  98  12:56  Probe, Immortal (Chrono Boost)  
  98  12:57  Assimilator  
  104  12:59  Probe  
  104  13:00  Assimilator  
  104  13:03  Mothership Core  
  107  13:05  Sentry  
  107  13:06  Archon  
  107  13:07  Probe  
  107  13:08  Probe  
  107  13:10  Immortal (Chrono Boost)  
  115  13:16  Probe x2  
  115  13:17  Probe  
  118  13:22  Sentry x2  
  118  13:26  Zealot x5  
  132  13:34  Immortal (Chrono Boost)  
  136  13:37  Zealot x3  
  142  13:44  Immortal (Chrono Boost)  
  142  13:45  Dark Templar x2  
  142  13:47  Zealot x2  
  152  13:52  Archon  
  152  14:00  Probe x3  
  152  14:01  Probe  
  152  14:02  Probe  
  157  14:08  Zealot x3, High Templar x2  
  169  14:10  Probe  
  169  14:12  Archon  
  139  14:30  Adept x3  
  139  14:31  Adept x2  
Show
View Real Time Build Order
Export as new Build Order

Serral Zerg - Winner!

Build Orders: Pool First, Lurkers 

Get SALT Encoding   

  12  0:00  Drone  
  13  0:12  Overlord  
  13  0:17  Drone  
  14  0:31  Drone x2  
  14  0:35  Drone  
  17  0:44  Spawning Pool  
  17  0:48  Drone  
  17  0:58  Drone  
  18  1:12  Extractor  
  17  1:19  Hatchery  
  17  1:20  Drone  
  17  1:29  Drone  
  17  1:32  Queen  
  20  1:35  Zergling x2  
  21  1:43  Overlord  
  21  1:50  Drone  
  22  2:04  Zergling x2  
  22  2:07  Queen  
  25  2:11  Overlord  
  25  2:23  Drone  
  25  2:28  Metabolic Boost  
  26  2:32  Drone  
  26  2:33  Drone  
  28  2:46  Hatchery, Drone  
  28  2:48  Drone  
  28  2:51  Drone  
  29  2:55  Drone  
  30  3:01  Queen  
  32  3:06  Drone  
  32  3:07  Drone  
  32  3:12  Zergling x2  
  35  3:13  Drone  
  36  3:20  Zergling x2  
  36  3:21  Overlord  
  36  3:22  Drone  
  39  3:27  Drone x2  
  39  3:31  Drone x2  
  42  3:36  Roach Warren  
  41  3:41  Drone x2  
  41  3:48  Lair  
  43  3:50  Extractor, Drone  
  43  3:51  Drone  
  43  3:53  Drone  
  43  3:55  Drone  
  46  3:56  Drone  
  46  3:58  Drone  
  46  4:02  Drone x2  
  50  4:06  Drone x2  
  50  4:09  Overlord  
  52  4:11  Drone  
  52  4:14  Drone  
  52  4:16  Drone  
  56  4:17  Drone  
  56  4:20  Overlord  
  56  4:28  Drone  
  56  4:29  Extractor  
  56  4:32  Spore Crawler, Roach x2  
  56  4:34  Spore Crawler  
  56  4:38  Roach x2  
  62  4:41  Queen  
  62  4:45  Overseer  
  64  4:48  Overseer  
  64  4:51  Roach x3  
  70  4:56  Roach  
  70  4:58  Overlord  
  72  5:00  Overlord  
  72  5:01  Extractor  
  72  5:02  Roach  
  72  5:03  Drone  
  72  5:06  Overlord  
  74  5:12  Overlord  
  74  5:17  Overlord  
  74  5:19  Drone  
  74  5:20  Drone x4  
  79  5:29  Drone x3  
  79  5:30  Evolution Chamber  
  79  5:32  Overlord  
  79  5:34  Drone x2  
  83  5:35  Overlord  
  83  5:39  Overlord  
  83  5:42  Drone x2  
  85  5:45  Overlord  
  84  5:53  Hydralisk Den  
  84  5:54  Drone x3  
  84  5:55  Drone x2  
  88  6:01  Zerg Melee Weapons Level 1  
  88  6:04  Overlord  
  86  6:05  Drone  
  86  6:06  Drone x3, Roach  
  87  6:13  Drone x2  
  87  6:14  Drone, Roach  
  87  6:15  Drone x2  
  87  6:17  Drone  
  87  6:18  Extractor x2  
  91  6:19  Ravager  
  91  6:23  Overlord  
  90  6:26  Drone x4  
  90  6:29  Ravager  
  90  6:31  Muscular Augments  
  95  6:35  Baneling Nest  
  95  6:37  Overlord  
  93  6:41  Drone x3  
  93  6:43  Hydralisk x2  
  100  6:50  Hydralisk x3  
  106  6:59  Hatchery  
  105  7:03  Hydralisk  
  105  7:04  Hydralisk  
  109  7:09  Hydralisk x2  
  109  7:10  Hydralisk  
  109  7:13  Ravager x3  
  109  7:14  Hydralisk  
  120  7:20  Baneling x4  
  120  7:21  Hydralisk x2  
  124  7:23  Zergling x4  
  124  7:26  Baneling  
  126  7:30  Overlord  
  126  7:37  Overlord  
  126  7:43  Overlord  
  126  7:46  Lurker Den  
  126  7:47  Drone  
  126  7:48  Drone x7  
  126  7:49  Drone, Overlord x2  
  126  7:50  Overlord  
  135  7:55  Overlord  
  135  7:57  Centrifical Hooks  
  135  7:59  Hydralisk  
  135  8:00  Hydralisk  
  139  8:08  Hydralisk x2, Zerg Missile Weapons Level 1  
  139  8:11  Pneumatized Carapace  
  143  8:13  Extractor  
  143  8:16  Drone x3  
  143  8:19  Zergling x2  
  145  8:20  Zergling x10  
  145  8:26  Overlord  
  150  8:31  Hydralisk x5  
  160  8:36  Extractor  
  160  8:40  Overlord  
  159  8:42  Zergling x2  
  159  8:43  Zergling x12  
  166  8:49  Queen  
  166  8:52  Zergling x2  
  166  8:53  Zergling x10  
  174  9:00  Baneling x2  
  174  9:01  Baneling x9  
  174  9:03  Zergling x2  
  174  9:04  Zergling x12  
  180  9:14  Lurker x7  
  180  9:15  Lurker  
  188  9:34  Hydralisk x2  
  188  9:35  Hatchery, Hydralisk x4  
  199  9:49  Overlord  
  199  9:54  Baneling x4  
  199  9:55  Baneling x2  
  199  9:57  Overlord  
  199  10:01  Zerg Melee Weapons Level 2  
  199  10:02  Zergling x2  
  195  10:12  Hydralisk x4  
  181  10:24  Zergling x2  
  181  10:25  Zergling x38  
  181  10:26  Zergling x6  
  190  10:44  Lurker  
  190  10:48  Queen, Drone x2  
  190  10:49  Drone  
  195  10:52  Infestation Pit  
  195  10:55  Zergling x10  
  195  10:56  Zergling x4  
  200  10:58  Baneling  
  200  10:59  Baneling x16  
  195  11:07  Hydralisk x2  
  195  11:08  Zergling x2  
  188  11:28  Hydralisk x5  
  188  11:29  Hydralisk x3  
  188  11:32  Zergling x16  
  192  11:33  Zergling x16  
  198  11:41  Baneling x7  
  198  11:42  Baneling x3  
  193  11:47  Zergling x2  
  193  11:48  Zergling x14  
  193  11:53  Zergling x2  
  199  12:04  Hive  
  199  12:08  Baneling x3  
  199  12:09  Baneling x9, Spire  
  198  12:17  Zerg Missile Weapons Level 2  
  189  12:26  Hydralisk x2  
  189  12:27  Hydralisk x3, Zergling x2  
  189  12:28  Zergling x24  
  193  12:35  Hydralisk x3, Zergling x2  
  193  12:36  Zergling x4  
  154  12:49  Hydralisk x6  
  143  13:04  Hydralisk  
  143  13:05  Hydralisk x3  
  149  13:10  Hydralisk x2  
  155  13:23  Greater Spire  
  155  13:24  Hatchery  
  154  13:28  Hydralisk x4  
  154  13:29  Zergling x2  
  154  13:30  Zergling x14  
  154  13:33  Baneling x7  
  166  13:48  Lurker  
  166  13:49  Hydralisk x3, Lurker x8  
  180  13:55  Overseer  
  180  13:57  Hydralisk x3  
  186  14:10  Hydralisk x5  
  196  14:21  Zergling x2  
  196  14:22  Zergling x22  
Tags
 
Add a new tag
Caveats
  • Supply blocks, unpowered buildings, or Contaminate may cause inaccurate times.
  • Supply counts are checked every 10 seconds.